 Dungeon Crawl Stone Soup version 0.25.1-2-g60ff931df9 (webtiles) character file.

Game seed: 9121519946423432304

57 Johnny the Digger (level 3, -1/26 HPs)
             Began as a Demigod Earth Elementalist on Oct 19, 2020.
             Slain by a quokka (2 damage)
             ... on level 1 of the Dungeon.
             The game lasted 00:01:20 (1540 turns).

Johnny the Digger (Demigod Earth Elementalist)      Turns: 1540, Time: 00:01:21

Health: -1/26      AC:  4    Str: 11    XL:     3   Next: 50%
Magic:  9/9        EV: 12    Int: 21    God:
Gold:   59         SH:  5    Dex: 16    Spells: 5/6 levels left

rFire    . . .     SeeInvis .   f - +0 dagger
rCold    . . .     Gourm    .   (no shield)
rNeg     . . .     Faith    .   c - +0 robe
rPois    .         Spirit   .   (no helmet)
rElec    .         Reflect  +   a - +0 cloak
rCorr    .         Harm     .   (no gloves)
MR       .....                  n - +0 pair of boots
Stlth    ++........             e - amulet of reflection
HPRegen  0.08/turn              (no ring)
MPRegen  0.11/turn              (no ring)

@: no status effects
A: high mp 1
a: no special abilities


You were on level 1 of the Dungeon.
You were not hungry.

You visited 1 branch of the dungeon, and saw 2 of its levels.

You collected 59 gold pieces.

Inventory:

Hand Weapons
 f - a +0 dagger (weapon)
Armour
 a - a +0 cloak (worn)
 c - a +0 robe (worn)
 n - a +0 pair of boots (worn)
Jewellery
 e - an amulet of reflection (around neck)
Scrolls
 g - a scroll of magic mapping {unknown}
 h - 2 scrolls of remove curse {unknown}
 i - 2 scrolls of teleportation {unknown}
 j - a scroll of fear {unknown}
Potions
 l - a potion of lignification {unknown}
 m - a potion of cancellation {unknown}
Comestibles
 d - 3 rations


   Skills:
 - Level 1.7 Dodging
 - Level 1.7 Stealth
 + Level 2.4 Spellcasting
   Level 0.8 Transmutations
 * Level 3.8 Earth Magic


You had 5 spell levels left.
You knew the following spells:

 Your Spells              Type           Power        Failure   Level  Hunger
a - Sandblast             Erth           ###...       3%          1    None

Your spell library contained the following spells:

 Spells                   Type           Power        Failure   Level  Hunger
 Passwall                 Tmut/Erth      ##......     9%          2    ##.....
 Stone Arrow              Conj/Erth      ##....       19%         3    ###....
 Petrify                  Tmut/Erth      ##......     47%         4    ####...
 Lee's Rapid Deconstruct  Erth           ###.......   63%         5    ######.


Dungeon Overview and Level Annotations

Branches:
Dungeon (2/15)


Innate Abilities, Weirdness & Mutations

You have an increased reservoir of magic. (+10% MP)


Message History

The quokka misses you.
There is a stone staircase leading up here.
The quokka barely misses you.
You climb upwards.
There is a stone staircase leading down here.
You hit the quokka.
The quokka is moderately wounded.
The quokka bites you but does no damage.
The quokka closely misses you.
You barely miss the quokka.
The quokka is moderately wounded.
The quokka bites you.
* * * LOW HITPOINT WARNING * * *
You closely miss the quokka.
The quokka is moderately wounded.
The quokka bites you.
* * * LOW HITPOINT WARNING * * *
You barely miss the quokka. The quokka misses you. The quokka bites you.
You die...

#...^_^..## #...^^^...#
#.........###
#.......#...#
#.......##..########
#.......##.........#####
######.###.#######......
#r>##.# ######.
##@##.#### ## ##..#....#
#####. #####.....##^#
###.....
#...#.....##.###....#.#
#...#.....##.##....##.#
#...#.............###.#
#...#..................
#...#.....##...........
#.........##...........


You could see a quokka.

Vanquished Creatures
  2 adders (D:2)
  A worm (D:2)
  A dart slug (D:1)
  3 giant cockroaches
  7 goblins
  2 hobgoblins (D:1)
  2 jackals (D:2)
  3 kobolds
  6 bats
  4 frilled lizards
  2 rats
33 creatures vanquished.

Notes
Turn   | Place    | Note
-------+----------+-------------------------------------------
     0 | D:1      | Johnny the Demigod Earth Elementalist began the quest for
                  | the Orb.
     0 | D:1      | Reached XP level 1. HP: 14/14 MP: 5/5
    87 | D:1      | Found a shimmering altar of Xom.
   127 | D:1      | Reached skill level 3 in Earth Magic
   404 | D:1      | Reached XP level 2. HP: 4/20 MP: 0/7
  1044 | D:2      | Reached XP level 3. HP: 26/26 MP: 0/9
  1538 | D:1      | HP: 1/26 [quokka (5)]
  1540 | D:1      | Slain by a quokka

Illustrated notes

Levels and vault maps discovered:
D:1:      nzn_arrival_water_spiral, layout_rooms, xom_teletrap_fun
D:2:      layout_rooms, makhleb_grotto_becter

Skill      XL: |  1 |
---------------+----+-----
Earth Magic    | 3 |  3.8
Spellcasting   | 2 |  2.4
Dodging        | |  1.7
Stealth        | |  1.7
Transmutations | |  0.8

Action                   || total
-------------------------++-------
Melee: Dagger            ||    90
       Unarmed           ||     2
 Cast: Sandblast         ||    32
 Stab: Sleeping          ||     2
  Eat: Chunk             ||     2
Armor: Robe              ||    41
Dodge: Dodged            ||    79
Block: Other             ||    32
